 Dungeon Crawl Stone Soup version 0.30-a0-629-gd54f4be4f7 (webtiles) character file.

Game seed: 11717294527248963805

294 porpoise the Chopper (level 6, 0/56 HPs)
             Began as a Hill Orc Monk on Jan 13, 2023.
             Slain by Pikel
             ... wielding a +2 whip of electrocution
              (20 damage)
             ... on level 4 of the Dungeon.
             The game lasted 00:07:31 (2975 turns).

porpoise the Chopper (Hill Orc Monk)                Turns: 2975, Time: 00:07:32

Health: 0/56       AC:  7    Str: 16    XL:     6   Next: 34%
Magic:  6/6        EV: 10    Int: 10    God:
Gold:   118        SH:  0    Dex: 16    Spells: 5/5 levels left

rFire   . . .      SeeInvis .    b - +5 sling of Haf Weusch {freeze, *Slow rN+ Will++ Dex+3}
rCold   . . .      Faith    .    (no shield)
rNeg    + . .      Spirit   .    t - +0 scale mail
rPois   .          Reflect  .    (no helmet)
rElec   .          Harm     .    (no cloak)
rCorr   .          Rampage  .    g - +0 pair of gloves
Will    ++...                    (no boots)
Stlth   +                        (no amulet)
HPRegen 0.29/turn                (no ring)
MPRegen 0.10/turn                (no ring)

@: slowed, very slow
A: no striking features
a: no special abilities


You were on level 4 of the Dungeon.
You visited 1 branch of the dungeon, and saw 4 of its levels.

You collected 118 gold pieces.

Inventory:

Hand Weapons
 a - a +1 hand axe
 b - the +5 sling of Haf Weusch (weapon) {freeze, *Slow rN+ Will++ Dex+3}
   (You found it on level 2 of the Dungeon)

   Dex:       It affects your dexterity (+3).
   rN:        It protects you from negative energy.
   *Slow:     It may slow you when you take damage.
   Will:      It greatly increases your willpower.
Missiles
 r - 6 curare-tipped darts
Armour
 f - an orb of wrath
 g - a +0 pair of gloves (worn)
 t - a +0 scale mail (worn)
Scrolls
 d - a scroll of fog
 e - a scroll of fear
 h - 2 scrolls of vulnerability
 i - a scroll of identify {unknown}
 k - a scroll of enchant weapon
 l - a scroll of amnesia {unknown}
 m - a scroll of blinking {unknown}
 n - a scroll of poison {unknown}
 q - a scroll of magic mapping
Potions
 c - a potion of ambrosia
 j - a potion of might {unknown}
 p - a potion of curing {unknown}
 s - a potion of heal wounds


   Skills:
 + Level 5.5 Fighting
 * Level 7.8 Axes
 - Level 2.4 Dodging
 - Level 1.5 Stealth


You had 5 spell levels left.
You didn't know any spells.
Your spell library contained the following spells:

 Spells                   Type           Power      Damage    Failure   Level
 Anguish                  Hex/Necr       0%         N/A       100%        4
 Enfeeble                 Hex            0%         N/A       100%        7


Dungeon Overview and Level Annotations

Branches:
Dungeon (4/15)
 Temple: D:4-7

Altars:
Yredelemnul

Annotations:
D:4 Pikel


Message History

The endoplasm quivers. 2 lemures come into view.
The lemure shouts!
You hear a shout! x2
A lemure comes into view.
Pikel, Merchant of Souls comes into view.
He is wielding a +2 whip of electrocution and carrying a wand of flame (15).
The lemure moves out of view.
You feel agile.
The +5 sling of Haf Weusch {freeze, *Slow rN+ Will++ Dex+3} is covered in frost.
b - the +5 sling of Haf Weusch (weapon)
{freeze, *Slow rN+ Will++ Dex+3} You shoot a sling bullet.
The sling bullet hits the lemure.
The sling bullet freezes the lemure.
The lemure is moderately wounded.
A lemure comes into view.
The lemure hits you.
You feel yourself slow down.
You shoot a sling bullet. The sling bullet hits the lemure.
The sling bullet freezes the lemure.
The lemure is severely wounded.
The lemure hits you but does no damage.
You shoot a sling bullet. The sling bullet hits Pikel.
The sling bullet freezes Pikel.
Pikel is lightly wounded.
Pikel closely misses you. x2
The endoplasm hits you but does no damage.
Pikel hits you but does no damage.
You shoot a sling bullet. The sling bullet hits Pikel.
The sling bullet freezes Pikel.
Pikel is moderately wounded.
Pikel zaps a wand.
The puff of flame hits you. The endoplasm barely misses you. x2
Pikel hits you with a +2 whip of electrocution.
You are electrocuted!
You shoot a sling bullet. The sling bullet hits Pikel!
The sling bullet freezes Pikel.
Pikel is heavily wounded.
Pikel zaps a wand.
The puff of flame hits you. The endoplasm closely misses you.
The endoplasm freezes you.
You are frozen.
Pikel hits you with a +2 whip of electrocution!
You are electrocuted!!
You die...

...# *,,,,,,,,,*,*,,,,,,,,,,,,,,
...#***,,,,,,,,,*,#,,,,,,,,******
...+,,+,,,,,,,,,*.#*******,*,* *
...#***,,,,,,,,,*.########,*,* *
...#######****###........,,,,****
.........######......J.##.,,,,,,,
............†.............,*,***,
......##....†.#J###$......,*,***,
>.....''........@K55.!....,,>,,,,
......##......#.###5##.#..,****,,
......#########.# *.#*,**,,* **,
......#* #.#**.#*,,,,,*****,
.......** ****#..,,.K,****,,,,,,,
#####..,***,,,###,,5#**,,,***,,,*
**.##*,*,,,,,*,**#.*,,,,,*,***,
*,.,*,,,*,,,*,,,*,.,*,,,*,,,*,,
*,,,*,,,*****,,,*,,,*****,,,*,,


You could see Pikel, 3 lemures and an endoplasm.

Vanquished Creatures
  Sigmund (D:2)
  A hound (D:4)
  4 adders
  A worm (D:2)
  3 orcs (D:3)
  9 ball pythons
  9 endoplasms
  4 giant cockroaches
  5 goblins
  4 hobgoblins
  A quokka (D:2)
  4 bats
  2 frilled lizards
  2 kobolds
  2 rats
52 creatures vanquished.

Notes
Turn   | Place    | Note
-------+----------+-------------------------------------------
     0 | D:1      | porpoise the Hill Orc Monk began the quest for the Orb.
     0 | D:1      | Reached XP level 1. HP: 19/19 MP: 1/1
   183 | D:1      | Reached XP level 2. HP: 24/27 MP: 2/2
  1255 | D:2      | Reached skill level 5 in Axes
  1299 | D:2      | Reached XP level 3. HP: 33/33 MP: 3/3
  1415 | D:2      | Noticed Sigmund
  1432 | D:2      | Killed Sigmund
  1433 | D:2      | Reached skill level 5 in Fighting
  1433 | D:2      | Reached skill level 7 in Axes
  1433 | D:2      | Reached XP level 4. HP: 8/42 MP: 4/4
  1433 | D:2      | Reached XP level 5. HP: 9/48 MP: 5/5
  1602 | D:2      | Identified the +5 sling of Haf Weusch {freeze, *Slow rN+
                  | Will++ Dex+3}
  2112 | D:2      | Reached XP level 6. HP: 56/56 MP: 6/6
  2335 | D:3      | Found a basalt altar of Yredelemnul.
  2967 | D:4      | Noticed Pikel
  2975 | D:4      | Slain by Pikel

Illustrated notes

Levels and vault maps discovered:
D:1:      dpeg_arrival_round_a, layout_basic, amcnicky_mini_rare_corridor_liquid
D:2:      layout_loops_ring, hangedman_decor_push, minmay_misc_feat_x,
          uniq_sigmund
D:3:      layout_loops_ring, overflow_temple_1_default,
          kennysheep_generic_room_6
D:4:      nicolae_cairo_tiling, layout_basic, mainiacjoe_overflow_paths,
          uniq_eustachio, uniq_pikel

Skill      XL: |  1  2  3 |
---------------+----------+-----
Fighting       | 4 5 |  5.5
Axes           | 5 7 |  7.8
Dodging        | |  2.4
Stealth        | |  1.5

Action                   |  1- 3 |  4- 6 || total
-------------------------+-------+-------++-------
Melee: Hand axe          |    74 |    27 ||   101
       Punch             |     1 |       ||     1
 Fire: Sling             |       |    39 ||    39
  Use: Potion            |     3 |       ||     3
       Scroll            |       |     5 ||     5
 Stab: Sleeping          |     2 |       ||     2
Armor: Robe              |     6 |       ||     6
       Leather armour    |     1 |     6 ||     7
       Scale mail        |       |     7 ||     7
Dodge: Dodged            |    24 |    25 ||    49

Table legend: (Time is in decaauts)
 A = Elapsed time spent in this place.
 B = Non-inter-level travel time spent in this place.
 C = Inter-level travel time spent in this place.
 D = Time resting spent in this place.
 E = Time spent auto-exploring this place.
 F = Levels seen in this place.
 G = Mean time per level.
                   A        B        C        D        E       F      G
               +--------+--------+--------+--------+--------+-----+--------+
         Total |   2992 |   2871 |    121 |    222 |   2208 |   4 |  748.0 |
       Dungeon |   2992 |   2871 |    121 |    222 |   2208 |   4 |  748.0 |
               +--------+--------+--------+--------+--------+-----+--------+

Top non-repeatable levels by time:
     D:1: 1210 daAuts
     D:2: 971 daAuts
     D:3: 742 daAuts
     D:4: 68 daAuts
